 Dungeon Crawl Stone Soup version 0.31-a0-18-gea43df2a32 (webtiles) character file.

Game seed: 16817394650736925535

91 MisterAzrael the Magician (level 4, -10/24 HPs)
             Began as a Deep Elf Air Elementalist on May 12, 2023.
             Was an Initiate of Vehumet.
             Killed by an exploding lemure (27 damage)
             ... ignited by their inner flame
             ... on level 4 of the Dungeon.
             The game lasted 00:04:20 (2238 turns).

MisterAzrael the Magician (DEAE)                    Turns: 2238, Time: 00:04:20

Health: -10/24     AC:  2    Str:  5    XL:     4   Next: 33%
Magic:  10/11      EV: 13    Int: 22    God:    Vehumet [......]
Gold:   98         SH:  0    Dex: 15    Spells: 7/10 levels left

rFire   . . .        (no weapon)
rCold   . . .        (no shield)
rNeg    . . .        a - +0 robe
rPois   .            (no helmet)
rElec   .            (no cloak)
rCorr   .            (no gloves)
SInv    +            (no boots)
Will    .....        (no amulet)
Stlth   ++           i - ring of see invisible
HPRegen 0.24/turn    (no ring)
MPRegen 0.12/turn

%: no passive effects
@: no status effects
A: no striking features
a: Renounce Religion


You were on level 4 of the Dungeon.
You worshipped Vehumet.
Vehumet was noncommittal.
You visited 2 branches of the dungeon, and saw 4 of its levels.

You collected 98 gold pieces.

Inventory:

Missiles
 q - a throwing net
Armour
 a - a +0 robe (worn)
Jewellery
 i - a ring of see invisible (left hand)
Scrolls
 e - a scroll of teleportation {unknown}
 j - 2 scrolls of amnesia
 k - 3 scrolls of identify
 l - a scroll of fear {unknown}
 r - 3 scrolls of magic mapping {unknown}
Potions
 b - a potion of magic
 c - a potion of resistance {unknown}
 d - a potion of might {unknown}
 g - a potion of ambrosia {unknown}
 m - a potion of brilliance {unknown}
 n - a potion of mutation {unknown}
 o - a potion of degeneration {unknown}
 p - a potion of attraction {unknown}


   Skills:
 - Level 3.1 Dodging
 - Level 3.2 Stealth
 + Level 3.9 Spellcasting
 * Level 2.5 Conjurations
 + Level 3.5 Air Magic


You had 7 spell levels left.
You knew the following spells:

 Your Spells              Type           Power      Damage    Failure   Level
a - Shock                 Conj/Air       68%        1d7       3%          1
b - Static Discharge      Conj/Air       34%        2-4/arc   4%          2

Your spell library contained the following spells:

 Spells                   Type           Power      Damage    Failure   Level
 Swiftness                Air            19%        N/A       8%          3
 Momentum Strike          Conj/Tloc      18%        3d8       11%         2
 Apportation              Tloc           8%         N/A       12%         1
 Blink                    Tloc           8%         N/A       17%         2
 Lesser Beckoning         Tloc           8%         N/A       17%         2
 Airstrike                Air            9%         2d(2-18)  26%         4
 Alistair's Intoxication  Tmut/Pois      2%         N/A       97%         5


Dungeon Overview and Level Annotations

Branches:
Dungeon (4/15)             Temple (1/1) D:4

Altars:
Kikubaaqudgha
Makhleb
Trog
Vehumet
Wu Jian

Annotations:
D:2 Natasha
D:4 Pikel


Message History

The lemure barely misses you. The lemure attacks as you move away!
The lemure hits you. The lemure attacks as you move away!
The lemure closely misses you.
Aiming: Shock (safe; 3% risk of failure)
Press: ? - help, Q - select action, (/) - cycle Shift-Dir - straight line, f/p - lemure
Aim: a lemure (64% to hit)
The zap hits the lemure.
The lemure is lightly wounded.
The lemure closely misses you.
As you read the scroll labelled ATRUAG ODUCRAT, it crumbles to dust.
It is a scroll of identify.
j - 2 scrolls of amnesia The lemure hits you.
As you read the scroll labelled UWNO RIC XUAF, it crumbles to dust.
The creatures around you are filled with an inner flame!
It was a scroll of immolation.
The lemure barely misses you.
As you read the scroll labelled HINWEYDGHUP, it crumbles to dust.
Wisps of shadow whirl around you...
It was a scroll of summoning.
The lemure hits you.
Your orc hits the lemure with a +0 hand axe.
Flame seeps out of the lemure.
The lemure is engulfed in blazing flames.
Flame seeps out of the lemure.
Your orc barely misses the lemure.
Your jelly is engulfed in blazing flames.
You kill your jelly!
Your jelly dissolves into shadows!
The lemure attacks as you move away! The lemure closely misses you.
The lemure attacks as you move away! The lemure closely misses you.
The lemure attacks as you move away! The lemure misses you.
Aiming: Shock (safe; 3% risk of failure)
Press: ? - help, Q - select action, (/) - cycle Shift-Dir - straight line, f/p - lemure
Aim: a lemure (severely wounded, inner flame, ally target, 64% to hit)
The zap hits the lemure.
That felt strangely unrewarding.
The lemure explodes!
The fiery explosion engulfs your orc!!
You kill your orc!
Your orc's corpse dissolves into shadows!
The fiery explosion engulfs you!!
Ouch! That really hurt!
You die...

##...........###.#.........
#..#.#.......##......##....
#.......†....##.#.#..##....
#.####...oo..##......)'....
#............##.#.#.###....
######..............# #.#.#
#....§§.#...#### #....
#...§§..##### ###..
#....@§.# #.# #.......# # #
#.......# ######### #######
....... ....... .......
.......


You could see 2 friendly orcs.

Vanquished Creatures
  A lemure (D:4)
  Jessica (D:2)
  A gnoll (D:1)
  An adder (D:4)
  An ufetubus (D:4)
  A worm (D:2)
  2 orcs (D:4)
  A ball python (D:2)
  7 bats
  3 endoplasms (D:1)
  A giant cockroach (D:1)
  6 goblins
  2 hobgoblins
  A quokka (D:1)
  4 frilled lizards (D:1)
  3 kobolds (D:1)
  2 rats (D:2)
38 creatures vanquished.

Notes
Turn   | Place    | Note
-------+----------+-------------------------------------------
     0 | D:1      | MisterAzrael the Deep Elf Air Elementalist began the quest
                  | for the Orb.
     0 | D:1      | Reached XP level 1. HP: 10/10 MP: 6/6
   108 | D:1      | Reached XP level 2. HP: 11/15 MP: 1/8
   256 | D:1      | Learned a level 2 spell: Static Discharge
   750 | D:1      | Reached XP level 3. HP: 19/19 MP: 3/9
  1119 | D:2      | Noticed Jessica
  1126 | D:2      | Killed Jessica
  1497 | D:2      | Reached XP level 4. HP: 24/24 MP: 8/11
  1887 | D:2      | Noticed Natasha
  1887 | D:2      | You fall into a shaft and drop 2 floors!
  1887 | D:4      | Found a staircase to the Ecumenical Temple.
  1895 | Temple   | Entered the Ecumenical Temple
  1948 | Temple   | Became a worshipper of Vehumet
  2206 | D:4      | Noticed a lemure
  2207 | D:4      | Noticed a lemure
  2210 | D:4      | Noticed Pikel
  2238 | D:4      | Killed a lemure
  2238 | D:4      | Killed by an exploding lemure... ignited by their inner
                  | flame

Illustrated notes

Levels and vault maps discovered:
D:1:      minmay_arrival_up_and_down, layout_rooms, serial_forest,
          infiniplex_forest_end_3, infiniplex_forest_lined_4_way,
          infiniplex_forest_clump_cross, infiniplex_forest_clump_curved,
          infiniplex_forest_lined_room_2, infiniplex_forest_straight_2,
          amcnicky_mini_rare_corridor_liquid, hangedman_decor_riveting,
          minivault_23
D:2:      layout_basic, uniq_natasha, uniq_jessica, uniq_terence
D:4:      layout_basic, minmay_temple_entry_mist, serial_glass, glass_columns_a,
          glass_columns_a, item_on_display_a, item_on_display_a,
          minmay_strange_pillars, uniq_edmund, uniq_pikel, uniq_duvessa
Temple:   hellmonk_temple_forest_ring

Skill      XL: |  1  2  3 |
---------------+----------+-----
Stealth        | 3 |  3.2
Dodging        | 3 |  3.1
Conjurations   | 2 |  2.5
Spellcasting   | |  3.9
Air Magic      | |  3.5

Action                     |  1- 3 |  4- 6 || total
---------------------------+-------+-------++-------
  Melee: Unarmed           |     3 |       ||     3
   Cast: Shock             |    61 |    23 ||    84
    Use: Scroll            |       |     3 ||     3
 Armour: Robe              |    10 |       ||    10
  Dodge: Dodged            |    19 |    11 ||    30

Table legend: (Time is in decaauts)
 A = Elapsed time spent in this place.
 B = Non-inter-level travel time spent in this place.
 C = Inter-level travel time spent in this place.
 D = Time resting spent in this place.
 E = Time spent auto-exploring this place.
 F = Levels seen in this place.
 G = Mean time per level.
                   A        B        C        D        E       F      G
               +--------+--------+--------+--------+--------+-----+--------+
         Total |   2241 |   2191 |     50 |    305 |   1564 |   4 |  560.2 |
       Dungeon |   2167 |   2117 |     50 |    305 |   1540 |   3 |  722.3 |
        Temple |     73 |     73 |      0 |      0 |     24 |   1 |   73.0 |
               +--------+--------+--------+--------+--------+-----+--------+

Top non-repeatable levels by time:
     D:1: 1092 daAuts
     D:2: 793 daAuts
     D:4: 281 daAuts
  Temple: 73 daAuts
